 Dungeon Crawl Stone Soup version 0.19.5 (webtiles) character file.

19 tidbits the Slasher (level 2, -4/21 HPs)
             Began as a High Elf Fighter on Dec 12, 2017.
             Slain by Natasha (6 damage)
             ... on level 2 of the Dungeon.
             The game lasted 00:01:17 (220 turns).

tidbits the Slasher (High Elf Fighter)               Turns: 220, Time: 00:01:17

Health: -4/21      AC:  6    Str: 20    XL:     2   Next: 55%
Magic:  3/3        EV:  8    Int: 11    God:
Gold:   0          SH:  9    Dex: 14    Spells: 0 memorised, 1 level left

rFire  . . .     SeeInvis .     a - +0 long sword
rCold  . . .     Gourm    .     b - +0 scale mail
rNeg   . . .     Faith    .     c - +0 shield
rPois  .         Spirit   .     (no helmet)
rElec  .         Reflect  .     (no cloak)
rCorr  .         Harm     .     (no gloves)
MR     .....                    (no boots)
Stlth  ..........               (no amulet)
                                (no ring)
                                (no ring)

@: mighty
A: no striking features
a: no special abilities


You were on level 2 of the Dungeon.
You were not hungry.

You visited 1 branch of the dungeon, and saw 2 of its levels.

Inventory:

Hand Weapons
 a - a +0 long sword (weapon)
 j - a +0 dagger
   (You found it on level 2 of the Dungeon)
Missiles
 e - 16 poisoned needles
 k - 18 arrows
Armour
 b - a +0 scale mail (worn)
 c - a +0 shield (worn)
Scrolls
 h - a scroll of identify {unknown}
Potions
 i - a potion of lignification {unknown}
Comestibles
 f - 2 bread rations
 g - a beef jerky


   Skills:
 - Level 3.0 Fighting
 + Level 3.2 Long Blades
 - Level 2.6 Armour
 - Level 1.5 Dodging
 - Level 2.6 Shields


You had one spell level left.
You didn't know any spells.

Dungeon Overview and Level Annotations

Branches:
Dungeon (2/15)

Altars:

Annotations:
D:2 Natasha


Message History

You hit the ooze.
You kill the ooze!
Your Dodging skill increases to level 1!
You block the bat's attack. x2; The bat hits you but does no damage.
You closely miss the bat. The bat closely misses you.
You block the bat's attack. The bat barely misses you.
You riposte.
You slash the bat!
You kill the bat!
You see here a bat corpse.
Found a scroll labeled ZUERUUFR GOUR.
h - a scroll labeled ZUERUUFR GOUR
Found a stone staircase leading down.
Found a fuming black potion.
There is a stone staircase leading down here.
Found a bread ration.
i - a fuming black potion
f - 2 bread rations (gained 1)
There is a stone staircase leading down here.
You climb downwards.
There is a stone staircase leading up here.
You open the door.
A rat comes into view.
Found a stone staircase leading down.
Found a dagger.
There is an open door here.
You hit the rat.
The rat is severely wounded.
The rat bites you but does no damage.
You hit the rat.
You kill the rat!
There is an open door here.
You see here a dagger.
j - a dagger
Found 18 arrows.
Found a fuming dark potion.
Found a club.
A giant cockroach comes into view.
An adder comes into view.
The adder hisses angrily.
A kobold comes into view. It is wielding a whip.
The kobold shouts!
You see here 18 arrows.
k - 18 arrows You block the giant cockroach's attack.
A quokka and Natasha come into view.
There are no items here.
Okay, then.
The adder bites you but does no damage. The adder bites you.
You are poisoned.
The adder poisons you! The adder bites you but does no damage.
You open the door.
You feel sick.
Natasha hisses angrily.
The giant cockroach bites you but does no damage.
Natasha drinks a potion.
Natasha seems to speed up.
You block the adder's attack.
The giant cockroach bites you but does no damage.
There is an open door here.
The adder barely misses you.
You feel very mighty all of a sudden.
You feel sick. The adder closely misses you.
Natasha mumbles some strange words.
You hit the adder.
The adder is moderately wounded.
You block the adder's attack. The adder bites you but does no damage.
You closely miss the adder.
The adder is moderately wounded.
You block the adder's attack.
The crimson imp picks up a beetle and eats it.
You slash the adder!
You kill the adder!
Your Long Blades skill increases to level 3!
You have reached level 2!
You feel sick.
The crimson imp blinks!
The giant cockroach bites you but does no damage.
You hit the giant cockroach.
You kill the giant cockroach!
You closely miss the kobold. The kobold hits you with a whip.
Natasha mewls in sadness.
You slash the kobold!
You kill the kobold!
You feel sick.
You are no longer poisoned.
Natasha barely misses you.
You riposte.
You closely miss Natasha. You slash Natasha!
Natasha is almost dead.
Natasha claws you.
* * * LOW HITPOINT WARNING * * *
Natasha casts a spell at you. You resist with significant effort.
You miss Natasha.
Natasha is almost dead.
The crimson imp disappears in a puff of smoke!
Natasha claws you!
* * * LOW HITPOINT WARNING * * *
Natasha barely misses you.
You closely miss Natasha.
Natasha is almost dead.
Natasha claws you.
You die...

####.......# ######..#
#..##### ######......###
................ ..
########.###.##########...
#.# # # #.......... #.#
#.###.......... #.#
#..@hr..!......
#.#######..........
#.................h
#..................
+..................
#..................
#..................
#########.......###
#......)#


You could see Natasha and a quokka.

Vanquished Creatures
  An adder (D:2)
  An ooze (D:1)
  2 giant cockroaches
  A kobold (D:2)
  A bat (D:1)
  A rat (D:2)
7 creatures vanquished.

Notes
Turn   | Place    | Note
-------+----------+-------------------------------------------
     0 | D:1      | tidbits the High Elf Fighter began the quest for the Orb.
     0 | D:1      | Reached XP level 1. HP: 16/16 MP: 2/2
   114 | D:1      | Reached skill level 1 in Dodging
   205 | D:2      | Noticed Natasha
   212 | D:2      | Noticed a crimson imp
   214 | D:2      | Reached skill level 3 in Long Blades
   214 | D:2      | Reached XP level 2. HP: 18/21 MP: 3/3
   219 | D:2      | HP: 2/21 [Natasha (8)]
   220 | D:2      | Slain by Natasha

Skill      XL: |  1 |
---------------+----+-----
Dodging        | 1 |  1.5
Long Blades    | 3 |  3.2
Fighting       | |  3.0
Armour         | |  2.6
Shields        | |  2.6

Action                   || total
-------------------------++-------
Melee: Long sword        ||    17
  Use: Potion            ||     1
Armor: Scale mail        ||     9
Dodge: Dodged            ||     8
Block: Shield            ||     8
       Rpst.: Long sword ||     2

Table legend:
 A = Turns spent in this place as a percentage of turns spent in the entire game.
 B = Non-inter-level travel turns spent in this place as a percentage of non-inter-level travel turns spent in the entire game.
 C = Inter-level travel turns spent in this place as a percentage of turns spent in this place.
 D = Turns resting spent in this place as a percentage of non-inter-level travel turns spent in this place.
 E = Turns spent auto-exploring this place as a percentage of non-inter-level travel turns spent in this place.
 F = Non-inter-level travel turns spent in this place divided by the number of levels of this place that you've seen.
                   A       B       C       D       E      F
               +-------+-------+-------+-------+-------+----------------------
         Total | 100.0 | 100.0 |   0.5 |   0.0 |   0.0 |  93.5
       Dungeon | 100.0 | 100.0 |   0.5 |   0.0 |   0.0 |  93.5
               +-------+-------+-------+-------+-------+----------------------

Table legend:
 A = Kills in this place as a percentage of kills in entire the game.
 B = Kills by you in this place as a percentage of kills by you in the entire game.
 C = Kills by friends in this place as a percentage of kills by friends in the entire game.
 D = Other kills in this place as a percentage of other kills in the entire game.
 E = Experience gained in this place as a percentage of experience gained in the entire game.
 F = Experience gained in this place divided by the number of levels of this place that you have seen.
                   A       B       C       D       E      F
               +-------+-------+-------+-------+-------+----------------------
         Total | 100.0 | 100.0 |  -nan |  -nan | 100.0 |  14.0
       Dungeon | 100.0 | 100.0 |  -nan |  -nan | 100.0 |  14.0
               +-------+-------+-------+-------+-------+----------------------

Vault maps used:
D:1:      dpeg_arrival_yet_another_circle
D:2:      uniq_natasha
